Map: Emerald City LE

Players

Massa - Winner!

  • Race: Terran Terran
  • League: Platinum
  • Spawn Location: 5:00

qqq - Winner!

  • Race: Zerg Zerg
  • Spawn Location: 5:00

Yegres

  • Race: Zerg Zerg
  • League: Diamond
  • Spawn Location: 11:00

Guardian

  • Race: Protoss Protoss
  • League: Diamond
  • Spawn Location: 11:00

VOD

Have the link to the VOD?

Description

Time

  • Played on: March 28, 2021, 1:33 p.m.
  • Length: 14:10
Show
View Real Time Build Order
Export as new Build Order

Massa Terran - Winner!

Build Orders:  

Get SALT Encoding   

  12  0:00  SCV  
  13  0:12  SCV  
  14  0:23  Supply Depot  
  14  0:24  SCV  
  15  0:45  SCV, Barracks  
  16  0:55  Refinery  
  16  0:57  SCV  
  17  1:09  SCV  
  18  1:23  SCV  
  19  1:37  Orbital Command  
  19  1:40  Command Center  
  19  2:01  Marine  
  19  2:02  Supply Depot  
  19  2:08  SCV  
  21  2:09  Factory  
  21  2:20  Barracks Reactor, SCV  
  22  2:39  SCV  
  22  2:41  Refinery  
  23  3:03  Marine x2  
  23  3:05  Hellion  
  27  3:07  Supply Depot  
  31  3:34  Hellion x2  
  31  3:37  Orbital Command, SCV  
  31  3:40  Refinery  
  32  3:43  Barracks Tech Lab  
  32  3:49  SCV, Supply Depot  
  32  3:52  Engineering Bay  
  33  3:57  Hellion x2  
  33  4:02  Starport  
  37  4:03  SCV x2  
  39  4:15  SCV x2  
  45  4:25  Hellion x2  
  45  4:27  Stimpack  
  45  4:28  SCV  
  46  4:31  SCV  
  46  4:34  Missile Turret  
  47  4:42  Medivac  
  49  4:46  Widow Mine x2  
  49  4:50  Marine  
  49  4:52  SCV  
  55  4:58  Missile Turret  
  55  5:08  Widow Mine, Marine  
  58  5:40  Marauder  
  60  5:46  Terran Infantry Weapons Level 1  
  60  5:48  Barracks  
  60  5:49  Barracks  
  60  5:50  Barracks  
  60  5:51  Barracks  
  60  5:52  Barracks  
  60  6:01  Marauder  
  57  6:23  Marauder  
  57  6:24  Starport Tech Lab  
  59  6:26  Widow Mine  
  61  6:35  Supply Depot x2  
  61  6:36  Supply Depot  
  61  6:57  Barracks  
  61  6:59  SCV x2  
  61  7:00  Factory Tech Lab  
  63  7:02  Supply Depot x2  
  63  7:11  SCV x2  
  59  7:23  SCV  
  60  7:50  Barracks Reactor x2, Barracks Tech Lab x2  
  60  7:51  Barracks Tech Lab  
  60  7:53  Siege Tank  
  60  7:57  SCV x2  
  65  8:03  Refinery  
  65  8:04  Terran Infantry Armor Level 1  
  65  8:07  Armory  
  65  8:09  SCV x2  
  65  8:10  Marauder x3, Engineering Bay  
  65  8:11  Marauder  
  75  8:21  SCV  
  75  8:25  Siege Tank  
  75  8:32  Marauder x4  
  83  8:36  Combat Shield  
  83  8:38  Concussive Shells  
  83  8:39  Marine  
  83  8:40  Marine x3  
  83  8:53  Marauder x4  
  87  8:57  Siege Tank  
  90  9:08  Marine x4  
  94  9:14  Marauder x2  
  94  9:15  Marauder x2  
  80  9:25  Marine  
  80  9:26  Marine  
  73  9:35  Marine x2  
  73  9:36  Marauder x4  
  73  9:43  Marine x2  
  57  9:52  Marine  
  57  9:53  Marine  
  57  9:57  Marauder, Marine x3, Siege Tank  
  67  10:00  SCV x2  
  67  10:01  Marine  
  67  10:06  Raven  
  72  10:11  Supply Depot  
  72  10:12  SCV  
  72  10:13  SCV  
  74  10:15  Marauder, Marine  
  74  10:16  Marauder x2, Marine x2  
  83  10:29  Siege Tank  
  86  10:42  Terran Infantry Weapons Level 2  
  86  10:43  Terran Infantry Armor Level 2  
  86  10:49  Raven  
  88  10:53  Terran Vehicle And Ship Armor Level 1  
  88  10:55  Starport  
  88  10:56  Marauder x2  
  92  11:01  Siege Tank  
  95  11:04  Command Center  
  95  11:10  Marauder x2, Marine  
  90  11:33  Siege Tank  
  84  11:49  Marauder x2  
  84  11:50  Marauder x2, Marine  
  93  12:05  Siege Tank  
  96  12:11  Marauder x2  
  96  12:15  Medivac  
  102  12:19  Planetary Fortress  
  102  12:21  SCV x2  
  104  12:30  Starport Reactor  
  104  12:33  SCV x2  
  106  12:45  Medivac  
  75  13:17  Marauder x2  
  75  13:18  Marauder x2, Marine  
  75  13:19  Medivac x3  
  90  13:39  Marauder x2  
  85  13:44  Marauder x2, Marine  
  85  13:45  Marine x2  
Show
View Real Time Build Order
Export as new Build Order

qqq Zerg - Winner!

Build Orders: Hatch First 

Get SALT Encoding   

  12  0:02  Drone  
  13  0:08  Drone  
  14  0:21  Overlord  
  14  0:45  Hatchery  
  13  0:51  Drone x2  
  13  0:55  Drone  
  16  1:22  Drone  
  16  1:23  Drone  
  16  1:25  Extractor, Spawning Pool  
  16  1:38  Drone x2  
  18  1:46  Drone  
  19  1:58  Overlord  
  19  2:00  Drone  
  20  2:13  Queen x2  
  20  2:15  Drone x2  
  26  2:33  Drone x3  
  29  2:38  Drone  
  29  2:41  Drone x2  
  31  2:53  Zergling x4  
  33  2:58  Extractor, Metabolic Boost  
  33  3:03  Zergling x4  
  33  3:04  Roach Warren  
  33  3:12  Zergling x4  
  35  3:33  Lair  
  35  3:34  Drone  
  35  3:35  Overlord x3  
  35  3:36  Overlord  
  36  3:44  Drone, Baneling Nest  
  36  3:54  Drone  
  36  3:55  Drone  
  38  3:56  Roach x2  
  42  4:04  Roach  
  42  4:05  Roach  
  42  4:07  Roach  
  48  4:13  Roach  
  48  4:15  Roach  
  52  4:19  Roach  
  54  4:28  Baneling x2  
  54  4:31  Drone  
  54  4:32  Drone, Zergling x4  
  54  4:33  Zergling x2  
  54  4:36  Roach  
  65  4:45  Roach x2  
  65  4:47  Drone  
  65  4:51  Roach  
  68  4:53  Overlord  
  68  5:04  Overlord  
  68  5:05  Overlord  
  68  5:19  Roach x3  
  68  5:20  Roach  
  74  5:41  Spore Crawler  
  73  5:44  Spore Crawler  
  72  5:53  Hatchery  
  71  6:06  Hatchery  
  70  6:16  Spire  
  69  6:20  Infestation Pit  
  68  6:28  Drone x4  
  68  6:29  Drone x2, Evolution Chamber  
  68  6:31  Evolution Chamber  
  72  6:43  Drone x2  
  74  6:48  Extractor x2  
  74  6:50  Drone x3  
  75  6:58  Hydralisk Den  
  75  6:59  Hive  
  74  7:14  Roach x4  
  61  7:36  Glial Reconstitution  
  53  7:43  Drone x4, Zergling x6  
  53  7:44  Zergling x4  
  62  7:45  Roach x2  
  62  7:50  Queen  
  68  8:05  Lurker Den  
  67  8:06  Zergling x10  
  72  8:16  Baneling x3  
  72  8:29  Corruptor  
  72  8:31  Zergling x8  
  72  8:32  Drone x3  
  72  8:48  Mutalisk  
  65  8:49  Roach x3  
  55  8:58  Corruptor  
  53  9:07  Zergling x4  
  54  9:13  Corruptor  
  45  9:26  Corruptor  
  46  9:36  Roach x3  
  46  9:37  Roach x2  
  53  9:44  Drone x2  
  55  9:52  Roach  
  54  9:59  Zergling x6  
  57  10:02  Drone  
  52  10:19  Corruptor x2  
  54  10:29  Roach x2  
  54  10:33  Drone  
  59  10:38  Greater Spire  
  59  10:42  Drone x2  
  61  10:48  Drone x2  
  63  11:13  Hatchery, Corruptor  
  64  11:22  Hydralisk x2  
  65  11:42  Zerg Missile Weapons Level 1  
  65  11:46  Zergling x4  
  65  11:47  Zergling x8  
  71  11:57  Brood Lord  
  71  11:59  Brood Lord  
  75  12:02  Brood Lord  
  75  12:03  Zergling x4  
  75  12:04  Zergling x6  
  82  12:12  Corruptor  
  84  12:20  Zergling x2  
  84  12:21  Drone x4, Zergling x2  
  90  12:25  Lurker  
  91  12:39  Corruptor  
  91  12:41  Drone x2  
  68  13:07  Corruptor x3  
  68  13:08  Zergling x12  
  80  13:19  Corruptor  
  80  13:20  Zergling x4  
  84  13:36  Brood Lord  
  86  13:45  Zergling x8  
  86  13:46  Drone x2  
Show
View Real Time Build Order
Export as new Build Order

Yegres Zerg 

Build Orders: Hatch First 

Get SALT Encoding   

  12  0:00  Drone  
  13  0:12  Overlord  
  13  0:17  Drone  
  14  0:31  Drone x2  
  16  0:51  Hatchery  
  16  0:54  Drone  
  16  0:57  Drone  
  16  1:02  Drone  
  18  1:11  Extractor  
  18  1:17  Spawning Pool  
  16  1:20  Drone  
  16  1:23  Drone  
  18  1:31  Drone  
  19  1:40  Overlord  
  19  2:01  Drone  
  19  2:03  Zergling x4  
  19  2:04  Queen x2  
  26  2:11  Drone  
  27  2:18  Drone  
  27  2:22  Metabolic Boost  
  28  2:27  Drone x2  
  30  2:33  Drone  
  31  2:50  Drone x3  
  34  2:57  Overlord  
  34  2:59  Overlord  
  34  3:00  Hatchery  
  33  3:24  Drone x6  
  33  3:25  Drone x3  
  42  3:33  Zergling x2  
  43  3:50  Drone  
  43  3:52  Overlord x3  
  44  4:12  Zergling x2  
  44  4:13  Zergling x12  
  44  4:16  Roach Warren  
  50  4:18  Drone x2, Baneling Nest  
  50  4:20  Queen  
  50  4:21  Queen  
  55  4:26  Drone x2, Spine Crawler x3  
  54  4:33  Drone  
  54  4:35  Drone  
  56  4:40  Drone x2  
  57  5:02  Roach x5  
  69  5:08  Extractor  
  69  5:10  Extractor  
  62  5:35  Baneling x3  
  61  5:36  Baneling  
  61  5:37  Roach  
  63  6:07  Spore Crawler  
  62  6:14  Drone  
  62  6:15  Drone x4  
  62  6:17  Lair  
  67  6:29  Hatchery  
  66  6:50  Hatchery  
  65  6:55  Ravager  
  65  6:56  Ravager  
  65  6:57  Overlord x4  
  67  7:04  Evolution Chamber  
  67  7:06  Evolution Chamber  
  58  7:32  Zergling x18  
  58  7:33  Zergling x10  
  67  7:40  Hatchery  
  66  7:55  Glial Reconstitution  
  66  7:59  Zerg Ground Armor Level 1  
  66  8:01  Zerg Missile Weapons Level 1  
  66  8:02  Drone  
  66  8:03  Drone x3  
  70  8:06  Baneling  
  70  8:07  Baneling x2  
  70  8:08  Baneling x6  
  71  8:13  Ravager x3  
  73  8:29  Zergling x10  
  73  8:30  Zergling x12  
  49  9:33  Zergling x8  
  49  9:34  Zergling x10  
  54  9:46  Drone  
  54  9:47  Drone x2  
  57  9:55  Drone  
  57  9:56  Drone x2  
  57  9:57  Baneling x5  
  57  9:58  Centrifical Hooks  
  60  10:00  Zerg Missile Weapons Level 2  
  60  10:01  Zerg Ground Armor Level 2  
  60  10:24  Drone x6  
  66  10:40  Hatchery, Extractor  
  66  10:42  Extractor  
  63  10:48  Extractor, Drone x2  
  63  10:49  Drone  
  69  10:57  Roach x7  
  69  10:58  Roach  
  69  10:59  Roach  
  83  11:07  Zergling x2  
  83  11:08  Zergling x4  
  83  11:09  Baneling x4  
  69  11:38  Zergling x24  
  74  11:42  Ravager x2  
  74  11:43  Ravager  
  77  11:54  Zergling x14  
  78  11:58  Baneling  
  78  11:59  Baneling x5  
  78  12:00  Baneling x2  
  78  12:01  Baneling x4  
  84  12:03  Roach x2  
  88  12:10  Zergling x2  
  88  12:11  Zergling x8  
  94  12:15  Zergling x6  
  96  12:34  Baneling  
  96  12:35  Baneling x6  
  96  12:36  Zergling x16  
  62  13:16  Zergling x8  
  62  13:17  Zergling x26  
Show
View Real Time Build Order
Export as new Build Order

Guardian Protoss 

Build Orders: Colossus Rush 

Get SALT Encoding   

  12  0:00  Probe  
  13  0:12  Probe  
  14  0:18  Pylon  
  14  0:24  Probe  
  15  0:36  Probe  
  15  0:38  Gateway  
  16  0:45  Assimilator  
  16  0:49  Probe  
  17  1:01  Probe (Chrono Boost)  
  19  1:12  Probe (Chrono Boost)  
  19  1:17  Probe (Chrono Boost)  
  20  1:28  Cybernetics Core  
  20  1:32  Pylon  
  20  1:36  Probe  
  21  1:48  Probe  
  21  1:53  Nexus  
  22  2:00  Probe  
  22  2:04  Assimilator  
  22  2:08  Stalker (Chrono Boost)  
  22  2:12  Warp Gate (Chrono Boost)  
  22  2:13  Probe  
  25  2:25  Probe  
  26  2:33  Gateway  
  26  2:39  Probe  
  26  2:42  Stalker  
  29  2:49  Robotics Facility  
  29  2:53  Probe  
  30  3:02  Pylon  
  30  3:05  Probe  
  30  3:07  Probe  
  32  3:23  Probe  
  32  3:24  Probe  
  32  3:26  Assimilator  
  34  3:29  Gateway  
  34  3:35  Probe, Twilight Council  
  34  3:37  Probe  
  36  3:42  Observer  
  36  3:48  Probe  
  38  3:52  Probe  
  39  3:57  Stalker x2  
  39  4:01  Probe  
  44  4:05  Gateway  
  44  4:10  Assimilator  
  44  4:14  Robotics Bay  
  44  4:16  Probe  
  45  4:19  Probe  
  46  4:25  Sentry  
  46  4:29  Probe  
  46  4:31  Probe  
  50  4:32  Stalker  
  50  4:36  Stalker  
  54  4:44  Shield Battery  
  54  4:54  Pylon x2  
  54  5:09  Colossus (Chrono Boost)  
  54  5:12  Probe x2  
  62  5:16  Stalker  
  62  5:17  Stalker  
  66  5:27  Stalker  
  68  5:29  Stalker  
  70  5:43  Pylon  
  70  6:00  Probe, Colossus (Chrono Boost)  
  65  6:06  Extended Thermal Lance (Chrono Boost)  
  65  6:13  Probe (Chrono Boost)  
  65  6:16  Probe (Chrono Boost)  
  65  6:17  Charge (Chrono Boost)  
  67  6:21  Zealot  
  67  6:25  Probe (Chrono Boost)  
  71  6:29  Probe (Chrono Boost)  
  71  6:30  Probe (Chrono Boost)  
  72  6:36  Forge  
  72  6:39  Forge  
  72  6:44  Probe  
  73  6:49  Gateway  
  73  6:51  Gateway  
  73  6:53  Probe  
  74  6:57  Probe  
  74  7:00  Warp Prism  
  72  7:31  Zealot  
  72  7:32  Zealot x3  
  73  7:42  Protoss Ground Weapons Level 1 (Chrono Boost), Protoss Ground Armor Level 1 (Chrono Boost)  
  71  7:50  Probe x2  
  73  7:54  Pylon  
  73  8:02  Probe  
  74  8:12  Colossus  
  80  8:16  Nexus, Sentry x3  
  80  8:35  Probe x2  
  72  9:02  Zealot x3  
  76  9:03  Zealot x3  
  60  9:27  Zealot x2  
  60  9:28  Zealot x3  
  66  9:36  Observer  
  54  9:46  Stalker  
  54  9:48  Probe x2  
  46  10:00  Probe x2  
  46  10:03  Colossus  
  48  10:12  Probe  
  48  10:14  Stalker  
  57  10:24  Probe x2  
  59  10:33  Pylon, Protoss Ground Armor Level 2  
  57  10:36  Probe (Chrono Boost)  
  57  10:37  Probe (Chrono Boost)  
  59  10:47  Probe (Chrono Boost)  
  60  10:54  Colossus  
  60  10:57  Probe x2  
  60  11:04  Zealot  
  70  11:09  Probe (Chrono Boost)  
  71  11:14  Shield Battery  
  71  11:15  Shield Battery  
  71  11:18  Probe (Chrono Boost)  
  72  11:21  Probe (Chrono Boost)  
  72  11:25  Protoss Ground Weapons Level 2  
  73  11:28  Probe (Chrono Boost)  
  73  11:29  Probe (Chrono Boost)  
  40  11:51  Colossus (Chrono Boost)  
  39  11:56  Zealot x3  
  39  12:01  Probe (Chrono Boost)  
  52  12:06  Probe (Chrono Boost), Sentry  
  54  12:15  Probe (Chrono Boost)  
  54  12:17  Probe  
  56  12:26  Probe  
  56  12:29  Probe  
  58  12:37  Colossus  
  58  12:38  Probe  
  58  12:41  Probe  
  66  12:50  Probe  
  67  12:53  Probe  
  67  12:56  Stalker x2  
  62  13:20  Stalker x3  
  62  13:21  Stalker x2  
  62  13:26  Stalker  
  72  13:45  Stalker x4  
  72  13:46  Stalker  
Tags
 
Add a new tag
Caveats
  • Supply blocks, unpowered buildings, or Contaminate may cause inaccurate times.
  • Supply counts are checked every 10 seconds.